 Dungeon Crawl Stone Soup version 0.32-a0-338-g4f8ebfe289 (webtiles) character file.

Game seed: 8498188945732512961

478 Eptagon the Trooper (level 7, -7/44 HPs)
             Began as a Gargoyle Monk on Feb 16, 2024.
             Was a Follower of Okawaru.
             Mangled by a lemure (8 damage)
             ... led by Pikel
             ... on level 4 of the Dungeon on Feb 17, 2024.
             The game lasted 00:07:49 (3417 turns).

Eptagon the Trooper (Gargoyle Monk)                 Turns: 3417, Time: 00:07:50

Health: -7/44      AC: 10    Str: 17    XL:     7   Next: 11%
Magic:  6/7        EV: 12    Int: 10    God:    Okawaru [*.....]
Gold:   156        SH:  0    Dex: 12    Spells: 6/6 levels left

rFire   + . .        a - +0 hand axe
rCold   . . .        d - orb {light}
rNeg    + . .        h - +1 leather armour {rF+}
rPois   ∞            (no helmet)
rElec   +            (no cloak)
rCorr   .            (no gloves)
SInv    .            g - +0 pair of boots
Will    .....        (no amulet)
Stlth   +            (no ring)
HPRegen 0.27/turn    (no ring)
MPRegen 0.10/turn

%: no passive effects
@: glowing
A: sickness immunity, AC +4, negative energy resistance 1, electricity
resistance, torment resistance 1, petrification resistance
a: Renounce Religion, Heroism


You were on level 4 of the Dungeon.
You worshipped Okawaru.
Okawaru was aware of your devotion.
You visited 1 branch of the dungeon, and saw 4 of its levels.
You also visited: Sewer.

You collected 282 gold pieces.
You spent 126 gold pieces at shops.

Inventory:

Hand Weapons
 a - a +0 hand axe (weapon)
 b - a +0 sling of electrocution
Armour
 d - an orb of light (worn)
 e - a +0 scale mail
 g - a +0 pair of boots (worn)
 h - a +1 leather armour of fire resistance (worn)
 m - a +0 kite shield
Scrolls
 f - 5 scrolls of identify {unknown}
 j - 5 scrolls of teleportation
 l - 2 scrolls of vulnerability {unknown}
 q - a scroll of blinking {unknown}
 r - a scroll of enchant weapon {unknown}
 s - a scroll of fog {unknown}
 t - a scroll of butterflies {unknown}
 u - a scroll of acquirement {unknown}
 w - a scroll of enchant armour {unknown}
Potions
 c - a potion of ambrosia
 i - a potion of brilliance {unknown}
 k - a potion of lignification {unknown}
 n - 3 potions of curing {unknown}
 o - 2 potions of heal wounds
 p - a potion of cancellation {unknown}
 v - 2 potions of attraction {unknown}


   Skills:
 + Level 5.6 Fighting
 + Level 4.6 Axes
 + Level 4.2 Armour
 - Level 2.4 Dodging
 + Level 1.0 Invocations


You had 6 spell levels left.
You didn't know any spells.
Your spell library contained the following spells:

 Spells                   Type           Power      Damage    Failure   Level
 Apportation              Tloc           0%         N/A       41%         1
 Necrotise                Necr           0%         1d4       41%         1
 Slow                     Hex            0%         N/A       41%         1
 Sting                    Conj/Alch      0%         1d3       41%         1
 Confusing Touch          Hex            0%         N/A       80%         3
 Sigil of Binding         Hex            0%         N/A       80%         3
 Vampiric Draining        Necr           0%         2d6       80%         3
 Summon Small Mammal      Summ           Unusable   N/A       N/A         1

Dungeon Overview and Level Annotations

Branches:
Dungeon (4/15)              Sewer (visited)
 Temple: D:4-7

Altars:
Hepliaklqana
Kikubaaqudgha
Okawaru

Shops:
D:3 *

Annotations:
D:4 Pikel


Innate Abilities, Weirdness & Mutations

You are immune to sickness and miasma.
Your stone body is resilient. (AC +4)
You are immune to poison.
You resist negative energy. (rN+)
You are resistant to electric shocks. (rElec)
You are resistant to unholy torment.
You are immune to petrification.


Message History

The lemure is severely wounded.
The lemure hits you.
* * * LOW HITPOINT WARNING * * *
You hit the lemure.
The lemure is severely wounded.
The lemure misses you.
You hit the lemure but do no damage.
The lemure is severely wounded.
The lemure hits you but does no damage.
You hit the lemure but do no damage.
The lemure is severely wounded.
The lemure barely misses you.
You hit the lemure.
The lemure is almost dead.
The lemure closely misses you.
You barely miss the lemure.
The lemure is almost dead.
The lemure barely misses you.
You barely miss the lemure.
The lemure is almost dead.
The lemure completely misses you.
You hit the lemure.
The lemure is almost dead.
The lemure hits you but does no damage.
You barely miss the lemure.
The lemure is almost dead.
The lemure closely misses you.
You hit the lemure but do no damage.
The lemure is almost dead.
The lemure hits you.
* * * LOW HITPOINT WARNING * * *
The lemure hits you but does no damage.
You hit the lemure but do no damage.
The lemure is almost dead.
The lemure hits you.
* * * LOW HITPOINT WARNING * * *
You barely miss the lemure.
The lemure is almost dead.
The lemure hits you!
You die...

### ########..
#........#
#.######## #.#
#.# #.#########
#.#
#....@5...###.#
#.#####.....#)#
#....#..#
....5.....#.#.#
.###.##.........
#. #.......###
s. ..........#
K# ..###.....#.#
.# ##...###.


You could see a lemure.

Vanquished Creatures
  3 lemures (D:4)
  2 bullfrogs (Sewer)
  A scorpion (D:4)
  6 adders
  7 river rats
  A dart slug (D:1)
  3 ribbon worms (D:3)
  4 orcs
  12 ball pythons
  6 endoplasms
  2 giant cockroaches
  5 goblins
  6 hobgoblins
  3 jackals (D:1)
  2 quokkas (D:1)
  2 bats (D:1)
  3 frilled lizards (Sewer)
  6 kobolds
  28 rats
102 creatures vanquished.

Notes
Turn   | Place    | Note
-------+----------+-------------------------------------------
     0 | D:1      | Eptagon the Gargoyle Monk began the quest for the Orb.
     0 | D:1      | Reached XP level 1. HP: 14/14 MP: 1/1
   169 | D:1      | Reached XP level 2. HP: 15/19 MP: 2/2
   192 | D:1      | Reached skill level 1 in Armour
   248 | D:1      | Reached XP level 3. HP: 23/24 MP: 3/3
   606 | D:1      | Reached skill level 4 in Fighting
   996 | D:2      | Reached XP level 4. HP: 29/29 MP: 4/4
  1287 | D:2      | Identified the +1 robe of Ru's Hope {rF- SInv Archmagi}
  1621 | D:3      | Found a hazy altar of Hepliaklqana.
  1697 | D:3      | Found Tadiket's General Store.
  1702 | D:3      | Bought a scroll of teleportation for 42 gold pieces
  1702 | D:3      | Bought a scroll of noise for 14 gold pieces
  1702 | D:3      | Bought a potion of heal wounds for 70 gold pieces
  1886 | D:3      | Reached XP level 5. HP: 11/34 MP: 5/5
  1921 | D:3      | Found a glowing drain.
  1928 | Sewer    | Entered a sewer
  2467 | Sewer    | Reached XP level 6. HP: 40/40 MP: 6/6
  2476 | Sewer    | Reached skill level 5 in Fighting
  2618 | D:3      | Upgraded the game from 0.32-a0-314-g526f7d4993 to
                  | 0.32-a0-338-g4f8ebfe289
  2786 | D:3      | Found an iron altar of Okawaru.
  2786 | D:3      | Found an ancient bone altar of Kikubaaqudgha.
  2799 | D:3      | Became a worshipper of Warmaster Okawaru
  2799 | D:3      | Reached * piety under Okawaru
  2799 | D:3      | Reached ** piety under Okawaru
  3329 | D:4      | Noticed Pikel
  3401 | D:4      | Reached skill level 1 in Invocations
  3401 | D:4      | Reached XP level 7. HP: 10/44 MP: 4/7
  3416 | D:4      | HP: 1/44 [lemure[Pikel] (5)]
  3417 | D:4      | Mangled by a lemure

Illustrated notes

Levels and vault maps discovered:
D:1:      dpeg_arrival_circle_labyrinth_b, layout_loops_ring
D:2:      layout_loops_ring, chequers_serial_rivers_micro_d,
          chequers_serial_rivers_room_b
D:3:      layout_loops_cross, nicolae_overflow_crystal_walls,
          gammafunk_temple_overflow_pools, lightli_sewer_entry_pipes,
          serial_shops, shop_fountains
D:4:      layout_loops_ring, temple_green, uniq_pikel

Skill      XL: |  1  2  3  4  5  6 |
---------------+-------------------+-----
Armour         | 1 2 3 4 |  4.2
Axes           | 3 4 |  4.6
Fighting       | 4 5 |  5.6
Invocations    | 1 |  1.0
Dodging        | |  2.4

Action                     |  1- 3 |  4- 6 |  7- 9 || total
---------------------------+-------+-------+-------++-------
  Melee: Hand axe          |    60 |   211 |    17 ||   288
   Fire: Sling             |       |    57 |       ||    57
 Invoke: Heroism           |       |     3 |       ||     3
 Armour: Scale mail        |    44 |     2 |       ||    46
         Leather armour    |       |   146 |    13 ||   159
  Dodge: Dodged            |    25 |   143 |     6 ||   174

Table legend: (Time is in decaauts)
 A = Elapsed time spent in this place.
 B = Non-inter-level travel time spent in this place.
 C = Inter-level travel time spent in this place.
 D = Time resting spent in this place.
 E = Time spent auto-exploring this place.
 F = Levels seen in this place.
 G = Mean time per level.
                   A        B        C        D        E       F      G
               +--------+--------+--------+--------+--------+-----+--------+
         Total |   3521 |   3398 |    123 |      0 |   2568 |   5 |  704.2 |
       Dungeon |   2775 |   2652 |    123 |      0 |   2004 |   4 |  693.8 |
         Sewer |    746 |    746 |      0 |      0 |    564 |   1 |  746.0 |
               +--------+--------+--------+--------+--------+-----+--------+

Top non-repeatable levels by time:
     D:1: 960 daAuts
     D:3: 916 daAuts
   Sewer: 746 daAuts
     D:2: 635 daAuts
     D:4: 262 daAuts
